 Dungeon Crawl Stone Soup version 0.21-a0-1-gaf3b9a5 (webtiles) character file.

219 Leszczynek the Slasher (level 5, -1/31 HPs)
             Began as a Deep Elf Fighter on May 20, 2017.
             Killed by nerve-wracking pain
             ... invoked by a shadow imp
             ... summoned by Natasha
              (12 damage)
             ... on level 2 of the Dungeon.
             The game lasted 00:18:24 (2406 turns).

Leszczynek the Slasher (Deep Elf Fighter)           Turns: 2406, Time: 00:18:24

Health: -1/31      AC:  9    Str: 14    XL:     5   Next: 63%
Magic:  7/7        EV:  9    Int: 13    God:
Gold:   159        SH:  8    Dex: 14    Spells: 4/4 levels left

rFire    . . .     SeeInvis .   a - +1 long sword
rCold    . . .     Gourm    .   c - +0 shield
rNeg     . . .     Faith    .   m - +3 ring mail
rPois    .         Spirit   .   (no helmet)
rElec    .         Reflect  .   (no cloak)
rCorr    .         Harm     .   g - +0 pair of gloves
MR       .....     Rnd*Tele +   (no boots)
Stlth    +.........             (no amulet)
Regen    0.1/turn               o - ring of teleportation (curse)
MPRegen  0.1/turn               (no ring)

@: slowed, very slow
A: no striking features
a: no special abilities


You were on level 2 of the Dungeon.
You were not hungry.

You visited 1 branch of the dungeon, and saw 3 of its levels.

You collected 159 gold pieces.

Inventory:

Hand Weapons
 a - a +1 long sword (weapon)
Missiles
 i - 51 arrows
Armour
 c - a +0 shield (worn)
 g - a +0 pair of gloves (worn)
 m - a +3 ring mail (worn)
Jewellery
 o - a cursed ring of teleportation (left hand)
Potions
 e - a potion of degeneration {unknown}
 k - a potion of cancellation
 l - a potion of magic {unknown}
 p - a potion of resistance {unknown}
Comestibles
 d - 2 bread rations
 f - 2 chunks of flesh
 n - 6 fruits
 q - a royal jelly


   Skills:
 - Level 2.4 Fighting
 * Level 4.6 Long Blades
 - Level 2.4 Armour
 + Level 3.3 Dodging
 - Level 2.4 Shields


You had 4 spell levels left.
You didn't know any spells.

Dungeon Overview and Level Annotations

Branches:
Dungeon (3/15)

Altars:

Annotations:
D:2 water, Natasha


Message History

The shadow imp hits you but does no damage.
The crimson imp blinks!
Your shield and ring mail prevent you from hitting Natasha.
Natasha is heavily wounded.
Natasha claws you. You block the shadow imp's attack.
You block Natasha's attack. You block the shadow imp's attack.
You completely miss Natasha.
Natasha is heavily wounded.
Natasha barely misses you. The shadow imp completely misses you.
Natasha stares at you and mumbles some strange words.
The magic dart hits you!
The shadow imp hits you but does no damage.
You closely miss Natasha.
Natasha is heavily wounded.
Natasha casts a spell.
You block the shadow imp's attack. Natasha barely misses you.
The shadow imp grins evilly.
The shadow imp gestures at you. Pain shoots through your body!
You die...

..#..............##.....# #.##
#...#.#.####............# #...#
##.##...# #..########..###.#.#..
##.####.# #..# #..ยง........
##.####.####..# ##.##........
..............#######..####.####.
###.###...........).>.## .#
#........##.####5##..# #
#..##..........@.##..#
#..##...)##.####h##..#
#..###.#.##.####5....# #..#
#.#.##.#.....5..# .
##.#.##........##.##.## ##
#.###.###(##.####.##.# #.#
##.#.####(##.# #.##.# #.# ##.#
#.>h.h.# #.##.# #.# #.# #.#(####
#.##.# #.#


You could see Natasha, 2 crimson imps and a shadow imp.

Vanquished Creatures
  Jessica (D:2)
  Natasha (twice) (D:2)
  3 adders
  4 oozes (D:1)
  A worm (D:3)
  4 dart slugs (D:1)
  9 leopard geckos
  An orc (D:2)
  10 bats
  3 giant cockroaches
  10 goblins
  10 hobgoblins
  5 jackals (D:1)
  2 frilled lizards
  5 kobolds
  9 rats
79 creatures vanquished.

Notes
Turn   | Place    | Note
-------+----------+-------------------------------------------
     0 | D:1      | Leszczynek the Deep Elf Fighter began the quest for the Orb.
     0 | D:1      | Reached XP level 1. HP: 13/13 MP: 3/3
    41 | D:1      | Reached skill level 2 in Long Blades
    83 | D:1      | HP: 2/13 [goblin (2)]
   133 | D:1      | HP: 1/13 [leopard gecko (3)]
   403 | D:1      | Reached XP level 2. HP: 18/18 MP: 4/4
   606 | D:1      | Reached skill level 3 in Long Blades
   717 | D:1      | Reached XP level 3. HP: 22/22 MP: 5/5
  1196 | D:1      | Reached XP level 4. HP: 24/27 MP: 6/6
  1346 | D:2      | Reached skill level 4 in Long Blades
  1511 | D:2      | Noticed Natasha
  1563 | D:2      | Reached skill level 1 in Dodging
  1681 | D:2      | Noticed Jessica
  1833 | D:2      | Reached skill level 2 in Dodging
  1992 | D:3      | Reached XP level 5. HP: 24/31 MP: 7/7
  2277 | D:2      | Killed Natasha
  2324 | D:2      | Noticed Natasha
  2343 | D:2      | Killed Jessica
  2343 | D:2      | Reached skill level 3 in Dodging
  2354 | D:2      | Killed Natasha
  2399 | D:2      | Noticed Natasha
  2406 | D:2      | Killed from afar by a shadow imp

Vault maps used:
D:1:      dpeg_arrival_windows_large_door
D:2:      guppyfry_early_lair_pool, uniq_natasha, uniq_jessica
D:3:      ashenzari_conservatory_becter, kennysheep_potato

Skill      XL: |  1  2  3  4  5 |
---------------+----------------+-----
Long Blades    | 2 3 4 |  4.6
Dodging        | 2 3 |  3.3
Fighting       | |  2.4
Armour         | |  2.4
Shields        | |  2.4

Action                   |  1- 3 |  4- 6 || total
-------------------------+-------+-------++-------
Melee: Long sword        |   145 |   164 ||   309
  Use: Potion            |     1 |     6 ||     7
       Scroll            |       |     2 ||     2
 Stab: Distracted        |       |     1 ||     1
  Eat: Chunk             |     2 |     5 ||     7
Armor: Scale mail        |    64 |    67 ||   131
       Ring mail         |       |    14 ||    14
Dodge: Dodged            |    33 |    70 ||   103
Block: Shield            |    53 |    77 ||   130
       Rpst.: Long sword |    12 |    19 ||    31
